 Dungeon Crawl Stone Soup version 0.30-a0-377-g5cb311bc9f (webtiles) character file.

Game seed: 6135748776434573556

3356 LnG the Covert (level 10, -9/56 HPs)
             Began as a Kobold Summoner on Nov 21, 2022.
             Was a Priest of Dithmenos.
             Mangled by an orc warlord
             ... wielding a +5 battleaxe
              (36 damage)
             ... in a bailey on Nov 28, 2022.
             The game lasted 00:23:30 (6605 turns).

LnG the Covert (Kobold Summoner)                    Turns: 6605, Time: 00:23:30

Health: -9/56      AC: 11    Str:  6    XL:     10   Next: 23%
Magic:  18/18      EV: 18    Int: 20    God:    Dithmenos [***...]
Gold:   305        SH:  0    Dex: 16    Spells: 7/20 levels left

rFire   . . .      SeeInvis +    E - +3 short sword
rCold   . . .      Faith    .    (no shield)
rNeg    . . .      Spirit   .    a - +1 robe
rPois   .          Reflect  .    x - +0 helmet
rElec   .          Harm     .    (no cloak)
rCorr   .          Rampage  .    (no gloves)
Will    .....                    y - +2 pair of boots
Stlth   ++++++++..               (no amulet)
HPRegen 0.29/turn                k - ring of see invisible
MPRegen 0.16/turn                D - +4 ring of protection

@: wreathed by umbra, invisible (expiring)
A: small, no large weapons, nightstalker 3
a: Renounce Religion, Shadow Step


You were in a bailey.
You worshipped Dithmenos.
Dithmenos was most pleased with you.
You visited 2 branches of the dungeon, and saw 9 of its levels.
You also visited: Ossuary and Bailey.

You collected 372 gold pieces.
You spent 67 gold pieces at shops.

Inventory:

Hand Weapons
 h - a +0 dagger
 r - a +1 short sword of venom
 E - a +3 short sword (weapon)
Armour
 a - a +1 robe (worn)
 x - a +0 helmet (worn)
 y - a +2 pair of boots (worn)
Jewellery
 e - a ring of fire
 k - a ring of see invisible (left hand)
 D - a +4 ring of protection (right hand)
Wands
 I - a wand of polymorph (8)
Scrolls
 c - a scroll of fog
 f - 4 scrolls of enchant armour
 i - a scroll of poison
 l - 2 scrolls of blinking
 n - 3 scrolls of noise
 o - 4 scrolls of teleportation
 s - 3 scrolls of vulnerability {unknown}
 v - 2 scrolls of enchant weapon {unknown}
 z - 2 scrolls of fear {unknown}
 A - a scroll of immolation {unknown}
 G - 2 scrolls of summoning {unknown}
Potions
 d - 2 potions of curing
 m - 4 potions of degeneration
 p - 2 potions of lignification {unknown}
 q - 2 potions of cancellation {unknown}
 t - a potion of flight {unknown}
 u - 4 potions of attraction {unknown}
 w - 4 potions of might {unknown}
 B - 2 potions of mutation {unknown}
 C - a potion of ambrosia {unknown}
 F - a potion of brilliance {unknown}
 H - a potion of heal wounds {unknown}


   Skills:
 + Level 3.1 Fighting
 + Level 6.6 Short Blades
 * Level 7.6 Dodging
 * Level 11.7 Stealth
 + Level 5.7 Spellcasting
 + Level 0.9 Hexes
 + Level 6.3 Summonings


You had 7 spell levels left.
You knew the following spells:

 Your Spells              Type           Power      Damage    Failure   Level
a - Summon Small Mammal   Summ           100%       N/A       1%          1
b - Call Imp              Summ           30%        N/A       1%          2
c - Call Canine Familiar  Summ           30%        N/A       2%          3
d - Summon Guardian Gole  Hex/Summ       20%        N/A       8%          3
e - Summon Lightning Spi  Summ/Air       18%        N/A       30%         4

Your spell library contained the following spells:

 Spells                   Type           Power      Damage    Failure   Level
 Foxfire                  Conj/Fire      20%        2x1d5     11%         1
 Tukima's Dance           Hex            9%         N/A       22%         3
 Portal Projectile        Hex/Tloc       14%        N/A       26%         3
 Gell's Gravitas          Tloc           5%         N/A       32%         3
 Lesser Beckoning         Tloc           10%        N/A       32%         3
 Ozocubu's Armour         Ice            5%         N/A       32%         3
 Teleport Other           Tloc           5%         N/A       32%         3
 Vhi's Electric Charge    Tloc/Air       10%        N/A       32%         3
 Metabolic Englaciation   Hex/Ice        3%         N/A       94%         5
 Arcjolt                  Conj/Air       2%         1d12      96%         5
 Blade Hands              Tmut           2%         N/A       96%         5
 Fireball                 Conj/Fire      2%         3d4       96%         5
 Simulacrum               Ice/Necr       2%         N/A       100%        6
 Starburst                Conj/Fire      2%         6d3       100%        6
 Maxwell's Capacitive Co  Air            2%         ∞         100%        8


Dungeon Overview and Level Annotations

Branches:
Dungeon (8/15)             Temple (1/1) D:5            Lair (0/5) D:8
Ossuary (visited)          Bailey (1/1)

Altars:
Dithmenos
Gozag
Kikubaaqudgha
Nemelex Xobeh
Okawaru
Ru
Sif Muna
Trog
Yredelemnul
The Shining One

Shops:
D:2 :**=   D:5 [


Innate Abilities, Weirdness & Mutations

You are small and have problems with some larger weapons.
You are completely attuned to the shadows.


Message History

You hit the orc warlord but do no damage.
The orc warlord is heavily wounded.
You hit the orc warlord but do no damage.
The orc warlord is heavily wounded.
The orc warlord misses you.
The orc warlord hits your guardian golem with a +5 battleaxe!
You closely miss the orc warlord.
The orc warlord is heavily wounded.
You catch the helpless orc warlord completely off-guard!
You puncture the orc warlord!
The orc warlord is severely wounded.
Your guardian golem overheats!
Things that are here:
a +0 hand axe; a +0 leather armour; a goblin corpse
There is a gate leading back out of this place here.
You catch the helpless orc warrior completely off-guard!
You impale the orc warrior!!
You kill the orc warrior!
Dithmenos accepts your kill.
Things that are here:
a +0 hand axe; a +0 ring mail; an orc corpse You swap places.
The orc warlord completely misses your guardian golem.
The orc warlord hits you with a +5 battleaxe!
* * * LOW HITPOINT WARNING * * *
You barely miss the orc warlord.
The orc warlord shouts!
The orc warlord is heavily wounded.
Unknown command.
You catch the helpless orc warlord completely off-guard!
You impale the orc warlord!!
The orc warlord is severely wounded.
You flicker for a moment.
You feel better.
You feel better.
You hit the orc warlord but do no damage.
The orc warlord is severely wounded.
The orc warlord hits you with a +5 battleaxe!!!
Ouch! That really hurt!
You die...

♣..)...♣###...).#
♣♣...)..##........
♣.......#†........
♣...)..['...☼.....
♣..∩.∩..').○.○⌠...
♣.......'...☼§....
♣...)...#.......))
♣..9....##......).
♣@o...♣.♣###....)#
♣♣.♣.♣♣♣♣ ###.#o#
♣♣♣♣♣ ###


You could see an orc warlord (unable to see you, ally target) and a friendly
guardian golem (summoned, inner flame).

Vanquished Creatures
  3 orc warriors (Bailey)
  A black bear (D:6)
  An ogre (D:6)
  A phantom (D:5)
  Blork the orc (D:5)
  2 scorpions
  2 necrophages
  3 water moccasin zombies (Ossuary)
  4 wights
  A howler monkey (D:6)
  3 vampire bats (D:5)
  2 hounds
  A jelly (D:5)
  2 orc priests (D:6)
  2 iguanas (D:5)
  An orc wizard (D:5)
  2 mummies (Ossuary)
  8 gnolls
  6 adders
  A shadow imp (D:7)
  An ufetubus (D:6)
  An adder zombie (Ossuary)
  2 worms
  3 dart slugs
  4 orcs
  A bat skeleton (D:5)
  3 bat zombies (D:5)
  2 endoplasms
  4 giant cockroaches
  13 goblins
  11 hobgoblins
  11 jackals
  9 kobolds
  8 ball pythons
  3 bats
  3 frilled lizards
  A gnoll zombie (Ossuary)
  4 hobgoblin zombies (Ossuary)
  6 kobold zombies (Ossuary)
  8 orc zombies (Ossuary)
  8 rats
153 creatures vanquished.

Vanquished Creatures (collateral kills)
  Eustachio (D:5)
  2 ogres
  3 water moccasin zombies (Ossuary)
  An orc priest (D:5)
  A hound (D:6)
  An iguana (D:4)
  Natasha (twice) (D:4)
  2 orc wizards
  A gnoll (D:7)
  2 adders
  A dart slug (D:1)
  7 orcs
  3 endoplasms
  3 giant cockroaches (D:1)
  2 goblins (D:1)
  4 jackals
  A quokka (D:1)
  A ball python (D:1)
  4 bats (D:1)
  2 frilled lizards (D:1)
  A hobgoblin zombie (Ossuary)
  A rat (D:1)
46 creatures vanquished.

Vanquished Creatures (others)
  An orc knight (Bailey)
  3 orc warriors
  2 orc wizards
  A gnoll (D:7)
  An orc (D:7)
  8 fungi (D:8)
  33 plants
49 creatures vanquished.

Grand Total: 248 creatures vanquished

Notes
Turn   | Place    | Note
-------+----------+-------------------------------------------
     0 | D:1      | LnG the Kobold Summoner began the quest for the Orb.
     0 | D:1      | Reached XP level 1. HP: 10/10 MP: 3/3
    52 | D:1      | Upgraded the game from 0.30-a0-371-gad7725a93e to
                  | 0.30-a0-377-g5cb311bc9f
    69 | D:1      | Reached skill level 3 in Stealth
   122 | D:1      | Reached XP level 2. HP: 12/15 MP: 3/5
   127 | D:1      | Learned a level 2 spell: Call Imp
   406 | D:1      | Reached XP level 3. HP: 18/19 MP: 4/6
  1015 | D:1      | Found a faded altar of an unknown god.
  1205 | D:2      | Reached XP level 4. HP: 13/24 MP: 4/8
  1293 | D:1      | Learned a level 3 spell: Call Canine Familiar
  1337 | D:2      | Found Lexeh's General Store.
  1344 | D:2      | Reached skill level 4 in Stealth
  1348 | D:2      | Bought a potion of curing for 39 gold pieces
  1583 | D:2      | Found Horghyko's General Store.
  1588 | D:2      | Bought a scroll of identify for 28 gold pieces
  1720 | D:2      | Found Ugojich's Jewellery Shop.
  1792 | D:2      | Found Mumush's Book Shop.
  2306 | D:3      | Reached XP level 5. HP: 22/28 MP: 3/9
  2308 | D:3      | Reached skill level 1 in Short Blades
  2480 | D:3      | Reached skill level 5 in Stealth
  2504 | D:3      | Found a sacrificial altar of Ru.
  3051 | D:4      | Noticed Natasha
  3055 | D:4      | Killed Natasha
  3138 | D:4      | Reached XP level 6. HP: 33/33 MP: 10/10
  3144 | D:4      | Learned a level 3 spell: Summon Guardian Golem
  3312 | D:4      | Reached skill level 6 in Stealth
  3709 | D:4      | Found a glowing golden altar of the Shining One.
  3715 | D:4      | Found a bloodstained altar of Trog.
  3717 | D:4      | Found a shadowy altar of Dithmenos.
  3719 | D:4      | Found a basalt altar of Yredelemnul.
  3724 | D:4      | Became a worshipper of Dithmenos the Shadowed
  3819 | D:4      | Noticed Natasha
  3828 | D:4      | Killed Natasha
  3829 | D:4      | Reached skill level 1 in Fighting
  3955 | D:5      | Entered Level 5 of the Dungeon
  3969 | D:5      | Reached XP level 7. HP: 38/38 MP: 11/11
  3988 | D:5      | Reached skill level 7 in Stealth
  4061 | D:5      | Found a staircase to the Ecumenical Temple.
  4067 | Temple   | Entered the Ecumenical Temple
  4181 | D:5      | Noticed Blork the orc
  4190 | D:5      | Killed Blork the orc
  4254 | D:5      | Noticed Eustachio
  4273 | D:5      | Killed Eustachio
  4274 | D:5      | Reached skill level 8 in Stealth
  4274 | D:5      | Reached skill level 5 in Summonings
  4274 | D:5      | Reached XP level 8. HP: 34/43 MP: 9/13
  4381 | D:5      | Reached skill level 5 in Dodging
  4470 | D:5      | Found an iron altar of Okawaru.
  4528 | D:5      | Found a sparkling altar of Nemelex Xobeh.
  4620 | D:5      | Found an ancient bone altar of Kikubaaqudgha.
  4651 | D:5      | Reached * piety under Dithmenos
  4656 | D:5      | Reached skill level 9 in Stealth
  4740 | D:5      | Found Cyrphaho's Armour Shop.
  4906 | D:6      | Reached XP level 9. HP: 35/48 MP: 2/16
  4911 | D:6      | Learned a level 4 spell: Summon Lightning Spire
  5065 | D:6      | Reached skill level 10 in Stealth
  5078 | D:6      | Found a sand-covered staircase.
  5088 | D:6      | Reached skill level 5 in Short Blades
  5088 | D:6      | Reached skill level 5 in Spellcasting
  5090 | Ossuary  | Entered an ossuary
  5186 | Ossuary  | Reached ** piety under Dithmenos
  5793 | D:6      | You fall into a shaft and drop 2 floors!
  6037 | D:7      | Found a flagged portal.
  6043 | Bailey   | Entered a bailey
  6223 | Bailey   | Noticed an orc knight
  6245 | Bailey   | Killed an orc knight
  6245 | Bailey   | Reached *** piety under Dithmenos
  6246 | Bailey   | Reached skill level 11 in Stealth
  6246 | Bailey   | Reached XP level 10. HP: 56/56 MP: 7/18
  6570 | Bailey   | Noticed an orc warlord
  6605 | Bailey   | Mangled by an orc warlord

Illustrated notes

Levels and vault maps discovered:
D:1:      amcnicky_arrival_feature_with_door, layout_loops_cross,
          shapermc_ecumenical_altar_pompeii, minmay_tetromino_l2
D:2:      layout_basic, serial_shops, nicolae_shop_hallway_stairs, shop,
          nicolae_shop_waterfront, nicolae_shop_crystal
D:3:      layout_rooms, mainiacjoe_overflow_alcove_1
D:4:      layout_loops_ring, minitemple, columned_hall_lemuel,
          reono_crystal_passage, nrook_campfire, uniq_natasha
D:5:      layout_rooms, old_standard_altar, overflow_temple_1_default,
          kennysheep_vampire_church, minmay_temple_entry_hall, serial_shops,
          nicolae_shop_waterfront, feat_on_display, uniq_blork_the_orc,
          uniq_eustachio
D:6:      layout_basic, enter_ossuary_3, serial_bayou_lagoon_a,
          serial_park_tiny_2
D:7:      layout_loops_cross, marbit_many_paths, enter_bailey_2,
          nicolae_shop_self_help
D:8:      layout_rooms, grunt_lair_entry_orc_guard_hut, disabler_island,
          uniq_grum
Temple:   nicolae_temple_ecumenical_triangle
Bailey:   bailey_axe_minmay_hex_keep, bailey

Skill      XL: |  1  2  3  4  5  6  7  8  9 |
---------------+----------------------------+-----
Stealth        | 3 4 5 6 8 9 11 | 11.7
Dodging        | 3 4 5 7 |  7.6
Short Blades   | 1 2 3 4 6 |  6.6
Spellcasting   | 3 4 5 |  5.7
Fighting       | 1 3 |  3.1
Summonings     | 5 6 |  6.3
Hexes          | |  0.9

Action                   |  1- 3 |  4- 6 |  7- 9 | 10-12 || total
-------------------------+-------+-------+-------+-------++-------
Melee: Unarmed           |    58 |       |       |       ||    58
       Dagger            |    42 |    42 |       |       ||    84
       Punch             |     1 |     1 |     5 |       ||     7
       Short sword       |       |    99 |   339 |    79 ||   517
 Cast: Summon Small Mamm |    11 |     2 |     2 |       ||    15
       Call Imp          |    10 |     6 |    12 |     3 ||    31
       Call Canine Famil |       |     8 |    19 |     7 ||    34
       Summon Guardian G |       |       |     5 |     4 ||     9
  Use: Scroll            |     1 |     7 |     2 |     1 ||    11
       Potion            |       |     1 |       |     4 ||     5
 Stab: Distracted        |     3 |     2 |     8 |       ||    13
       Sleeping          |     9 |    26 |    22 |       ||    57
       Invisible         |       |       |       |     5 ||     5
Armor: Robe              |    15 |    22 |    75 |     5 ||   117
Dodge: Dodged            |   101 |    99 |   264 |    38 ||   502

Table legend: (Time is in decaauts)
 A = Elapsed time spent in this place.
 B = Non-inter-level travel time spent in this place.
 C = Inter-level travel time spent in this place.
 D = Time resting spent in this place.
 E = Time spent auto-exploring this place.
 F = Levels seen in this place.
 G = Mean time per level.
                   A        B        C        D        E       F      G
               +--------+--------+--------+--------+--------+-----+--------+
         Total |   6501 |   6288 |    213 |    410 |   3922 |  11 |  591.0 |
       Dungeon |   5792 |   5579 |    213 |    196 |   3908 |   8 |  724.0 |
        Temple |      1 |      1 |      0 |      0 |      0 |   1 |    1.0 |
       Ossuary |    185 |    185 |      0 |      0 |      0 |   1 |  185.0 |
        Bailey |    521 |    521 |      0 |    214 |     14 |   1 |  521.0 |
               +--------+--------+--------+--------+--------+-----+--------+

Top non-repeatable levels by time:
     D:2: 1142 daAuts
     D:1: 1097 daAuts
     D:4: 981 daAuts
     D:5: 975 daAuts
     D:3: 725 daAuts
     D:6: 627 daAuts
  Bailey: 521 daAuts
     D:7: 218 daAuts
 Ossuary: 185 daAuts
     D:8: 24 daAuts
  Temple: 1 daAuts
